Map: Frozen Temple

Players

Scythe

  • Race: Terran Terran
  • League: Grandmaster

Miszu - Winner!

  • Race: Terran Terran
  • League: Master

VOD

Have the link to the VOD?

Description

Time

  • Played on: April 18, 2016, 2:08 p.m.
  • Length: 12:49
Show
View Real Time Build Order
Export as new Build Order

Scythe Terran 

Build Orders: MMM Bio 

Get SALT Encoding   

  12  0:00  SCV  
  13  0:13  SCV  
  14  0:18  Supply Depot  
  14  0:25  SCV  
  15  0:40  SCV  
  15  0:41  Barracks  
  16  0:44  Refinery  
  16  0:52  SCV  
  17  0:59  Barracks  
  17  1:06  SCV  
  18  1:12  Supply Depot  
  18  1:18  SCV  
  19  1:28  Reaper  
  20  1:38  Orbital Command  
  20  1:46  Reaper  
  21  2:04  Reaper  
  21  2:05  SCV  
  23  2:14  Command Center  
  23  2:17  SCV  
  24  2:24  Barracks Reactor  
  24  2:29  Refinery  
  24  2:30  SCV  
  24  2:36  Marine  
  26  2:42  SCV  
  27  2:54  SCV  
  27  3:01  Factory  
  27  3:02  Marine x2  
  27  3:03  Marine  
  30  3:06  Supply Depot  
  30  3:15  SCV  
  31  3:26  Marine x2  
  33  3:27  Barracks Tech Lab  
  33  3:28  SCV, Orbital Command  
  34  3:38  Engineering Bay  
  34  3:43  Marine x2  
  34  3:44  Factory Tech Lab  
  34  3:47  Marine  
  37  3:49  Stimpack  
  37  3:55  SCV  
  37  3:57  SCV  
  39  4:03  Cyclone  
  42  4:12  Starport  
  42  4:16  Marine  
  43  4:22  Missile Turret  
  43  4:31  Marine x2  
  43  4:35  Siege Tank  
  48  4:52  SCV  
  47  4:54  Orbital Command  
  47  4:59  Marine  
  45  5:02  Medivac  
  45  5:06  SCV  
  47  5:09  Marine x2  
  47  5:12  Supply Depot  
  49  5:15  Siege Tank  
  52  5:23  Missile Turret  
  52  5:25  SCV x2  
  53  5:42  Marine x2  
  53  5:43  Marine  
  53  5:51  SCV x2  
  54  6:02  Marine x2, Combat Shields  
  56  6:05  SCV x2  
  58  6:15  Supply Depot  
  58  6:17  Marine, SCV  
  58  6:18  SCV  
  61  6:19  Marine  
  62  6:27  Terran Infantry Weapons Level 1  
  62  6:36  Starport Reactor, Marine x2, SCV x2  
  66  6:42  Supply Depot  
  66  6:47  Marine  
  66  6:48  SCV  
  50  7:02  Siege Tank  
  50  7:07  Marine x3  
  50  7:08  SCV  
  56  7:12  Barracks  
  56  7:13  Medivac, Barracks  
  56  7:14  Barracks  
  56  7:15  Medivac  
  60  7:24  Marine  
  60  7:25  SCV x2  
  60  7:27  Refinery  
  60  7:28  Refinery  
  60  7:29  Marine x2  
  65  7:36  Siege Tank  
  68  7:39  SCV  
  68  7:40  SCV  
  68  7:42  Marine  
  71  7:46  Marine  
  71  7:47  Supply Depot  
  72  7:53  Marine  
  72  7:55  Medivac  
  72  7:58  Supply Depot  
  75  8:00  Barracks Reactor, Marine  
  75  8:01  Barracks Reactor  
  76  8:06  Barracks Reactor  
  76  8:07  SCV x2  
  76  8:12  Marine  
  78  8:15  Medivac  
  78  8:16  Marine  
  78  8:18  Marine  
  83  8:22  Supply Depot  
  83  8:24  Terran Infantry Armor Level 1  
  83  8:30  Marine  
  84  8:34  Marine  
  84  8:36  Marine  
  84  8:39  Siege Tank  
  89  8:43  Marine x4  
  89  8:45  Marine  
  94  8:49  Medivac  
  94  8:52  Supply Depot  
  94  8:55  Marine x2  
  96  9:02  Marine x2  
  99  9:03  Marine  
  101  9:12  Marine  
  101  9:13  Marine x4  
  106  9:27  Marine, Siege Tank  
  110  9:32  Marine x3  
  113  9:41  Marine x2  
  113  9:42  Marine, Medivac  
  116  9:47  Marine x2  
  118  10:28  Marine  
  118  10:29  Marine x3, Medivac  
  118  10:30  Marine  
  118  10:31  Marine x3  
  118  10:32  Siege Tank  
  103  10:41  Marine  
  96  10:46  Marine  
  97  11:04  Siege Tank  
  89  11:13  Marine x3  
  89  11:14  Marine  
  81  11:29  Marine x3  
  81  11:30  Marine x2, Medivac  
  81  11:32  Marine x2, Medivac  
  87  11:33  Marine x2  
  87  11:36  Siege Tank  
  94  11:47  Marine  
  94  11:51  Marine x5  
  94  11:53  Marine x2  
  102  12:00  Medivac  
  104  12:02  Medivac  
  104  12:05  Marine x2  
  104  12:08  Siege Tank  
  111  12:09  Supply Depot  
Show
View Real Time Build Order
Export as new Build Order

Miszu Terran - Winner!

Build Orders: 1/1/1, Bio Tank, Banshee Rush 

Get SALT Encoding   

  12  0:00  SCV  
  13  0:12  SCV  
  14  0:18  Supply Depot  
  14  0:24  SCV  
  15  0:38  Refinery  
  15  0:39  SCV  
  16  0:44  Barracks  
  16  0:50  Refinery  
  16  0:54  SCV  
  17  1:06  SCV  
  18  1:18  SCV  
  19  1:30  Orbital Command  
  19  1:34  Factory  
  19  1:39  Reaper  
  20  1:48  Supply Depot  
  20  1:57  SCV  
  21  2:10  SCV  
  21  2:11  Reaper  
  23  2:18  Hellion  
  23  2:20  Starport  
  25  2:24  SCV  
  26  2:31  Supply Depot  
  26  2:36  SCV  
  27  2:40  Hellion  
  27  2:44  Barracks Tech Lab  
  29  2:56  SCV  
  30  3:01  Hellion  
  32  3:07  Supply Depot, Cloaking Field  
  32  3:11  Banshee  
  35  3:15  Barracks Reactor  
  35  3:22  SCV  
  36  3:35  SCV  
  36  3:40  Command Center  
  37  3:52  Marine x2  
  37  3:54  Factory Tech Lab, Banshee  
  42  3:57  SCV  
  42  4:02  Supply Depot  
  43  4:12  Siege Tank  
  43  4:13  SCV  
  47  4:23  Marine  
  48  4:25  SCV  
  49  4:32  Supply Depot  
  49  4:37  SCV  
  47  4:56  SCV x2  
  45  5:08  Command Center, SCV  
  47  5:14  Orbital Command  
  47  5:20  SCV  
  47  5:21  Barracks  
  47  5:25  Barracks  
  47  5:32  SCV  
  47  5:40  Marine x2  
  43  5:44  SCV  
  43  5:45  Siege Tank  
  47  5:52  SCV  
  47  5:56  SCV  
  49  6:00  Marine x2  
  49  6:04  SCV  
  49  6:08  Starport Reactor, SCV  
  49  6:09  Engineering Bay, Stimpack  
  49  6:10  Engineering Bay, Marine  
  51  6:16  SCV  
  51  6:17  Barracks Tech Lab  
  51  6:18  Siege Tank  
  55  6:20  SCV  
  55  6:22  Refinery  
  55  6:33  Orbital Command  
  55  6:34  SCV  
  55  6:35  SCV  
  55  6:38  Marine  
  55  6:39  Marine  
  59  6:45  Refinery  
  59  6:46  SCV  
  60  6:47  SCV  
  60  6:50  Siege Tank  
  60  6:52  Medivac x2  
  68  6:58  Marine  
  68  6:59  Marine  
  62  7:07  Marine x2  
  59  7:08  SCV  
  59  7:09  SCV  
  59  7:10  Combat Shields  
  60  7:18  Marine  
  60  7:19  Marine  
  60  7:20  Terran Infantry Weapons Level 1, Terran Infantry Armor Level 1, SCV  
  60  7:21  SCV  
  64  7:25  Marine x2  
  64  7:27  Orbital Command  
  66  7:32  Sensor Tower, SCV  
  66  7:33  Siege Tank, SCV  
  66  7:36  Marine x2  
  73  7:37  Medivac  
  73  7:42  Marine  
  76  7:44  Barracks  
  76  7:46  Barracks  
  76  7:49  Marine  
  77  7:52  SCV x2  
  77  7:53  Marine  
  80  7:59  SCV  
  80  8:02  Sensor Tower  
  80  8:04  SCV x2  
  80  8:05  Marine x2  
  85  8:08  Medivac  
  85  8:11  SCV  
  85  8:12  Siege Tank  
  91  8:16  SCV x2  
  91  8:18  Supply Depot  
  91  8:19  Supply Depot  
  93  8:30  Marine, SCV  
  93  8:32  Armory  
  93  8:37  Marine, SCV  
  93  8:39  Marine x2  
  93  8:40  SCV  
  93  8:41  Barracks Reactor x2  
  96  8:42  Medivac x2, SCV  
  96  8:47  Refinery  
  96  8:48  Supply Depot, Marine  
  101  8:49  Refinery, SCV  
  101  8:52  Supply Depot, SCV  
  101  8:53  Siege Tank  
  101  8:55  Marine  
  108  8:58  Marine  
  109  9:10  Marine x2  
  109  9:12  Supply Depot  
  109  9:13  Marine  
  109  9:14  Supply Depot  
  109  9:16  Marine  
  115  9:18  Marine x4, Missile Turret  
  119  9:24  Terran Infantry Armor Level 2, Terran Infantry Weapons Level 2  
  119  9:28  Marine x2  
  119  9:31  Marine  
  122  9:34  Marine  
  122  9:36  Supply Depot, Marine x4  
  123  9:45  Marine  
  123  9:46  Reaper  
  123  9:48  Marine, Medivac x2, Siege Tank  
  123  9:51  Marine  
  134  9:54  Marine x4  
  134  9:58  Supply Depot  
  138  10:03  Marine  
  138  10:06  Marine  
  140  10:09  Marine  
  140  10:11  Marine  
  140  10:12  Marine x3  
  145  10:17  Marine  
  145  10:18  Medivac x2  
  145  10:20  Siege Tank  
  151  10:21  Marine  
  151  10:24  Marine  
  131  10:35  Marine  
  131  10:36  Marine  
  131  10:40  Marine  
  131  10:41  Marine  
  131  10:42  Marine x4  
  128  10:53  Marine  
  128  10:54  Marine  
  124  10:58  Marine  
  124  10:59  Marine  
  125  11:08  Supply Depot x3  
  125  11:10  Supply Depot  
  116  11:18  Marine x2  
  109  11:20  Marine  
  109  11:26  Marine x2  
  109  11:28  Marine  
  109  11:29  Marine x2, Medivac x2  
  109  11:30  Siege Tank  
  115  11:33  Supply Depot x2  
  115  11:36  Marine x2  
  115  11:38  Marine  
  118  11:44  Marine x2, Command Center  
  118  11:45  Marine  
  118  11:46  Factory, Marine  
  122  11:47  Marine  
  122  11:52  SCV x3  
  122  11:53  Marine x2  
  128  11:59  Medivac  
  130  12:02  Siege Tank  
  130  12:04  SCV  
  130  12:08  Marine x6  
  135  12:11  Marine x2  
  142  12:26  Marine x5  
  142  12:37  Factory Tech Lab  
Tags
 
Add a new tag
Caveats
  • Supply blocks, unpowered buildings, or Contaminate may cause inaccurate times.
  • Supply counts are checked every 10 seconds.